 Dungeon Crawl Stone Soup version 0.28.0-49-g6dfe1f597d (webtiles) character file.

Game seed: 17162251488784229634

4374 Exodus22XD the Spear-Bearer (level 10, -3/77 HPs)
             Began as a Demonspawn Gladiator on May 19, 2022.
             Was a High Priest of Jiyva.
             Killed from afar by a fire dragon (37 damage)
             ... with a blast of flame
             ... on level 9 of the Dungeon.
             The game lasted 00:10:01 (6255 turns).

Exodus22XD the Spear-Bearer (Demonspawn Gladiator)  Turns: 6255, Time: 00:10:02

Health: -3/77      AC:  7    Str: 29    XL:     10   Next: 13%
Magic:  10/10      EV: 14    Int: 10    God:    Jiyva [*****.]
Gold:   226        SH:  0    Dex: 14    Spells: 9/9 levels left

rFire   . . .      SeeInvis .   a - +0 trident
rCold   + . .      Faith    .   (no shield)
rNeg    + . .      Spirit   .   G - +0 scale mail {rC+}
rPois   +          Reflect  .   (helmet restricted)
rElec   +          Harm     .   (no cloak)
rCorr   +          Rampage  .   (no gloves)
Will    .....                   (no boots)
Stlth   ++........              (no amulet)
HPRegen 1.66/turn               k - +6 ring of strength
MPRegen 0.57/turn               v - ring of positive energy

@: no status effects
A: repulsion field 1, powered by pain 1, spiny 1, demonic touch 1, horns 2,
poison resistance, electricity resistance, strong 2, translucent skin 3,
MP-powered wands
a: Renounce Religion, Oozemancy, Slimify


You were on level 9 of the Dungeon.
You worshipped Jiyva.
Jiyva was extremely pleased with you.
You visited 1 branch of the dungeon, and saw 9 of its levels.

You collected 226 gold pieces.

Inventory:

Hand Weapons
 a - a +0 trident (weapon)
 s - a +2 hand axe of flaming
Missiles
 d - 7 throwing nets (quivered)
Armour
 e - a +0 chain mail
 o - a +2 helmet
 x - an orb of mayhem
 G - a +0 scale mail of cold resistance (worn)
Jewellery
 k - a +6 ring of strength (left hand)
 t - a +6 ring of intelligence
 v - a ring of positive energy (right hand)
 w - a ring of flight
Wands
 b - a wand of flame (11)
 y - a wand of iceblast (6)
Scrolls
 c - 4 scrolls of blinking
 g - a scroll of silence {unknown}
 i - a scroll of enchant armour
 r - 4 scrolls of teleportation
 B - a scroll of vulnerability
 C - a scroll of brand weapon
 D - a scroll of amnesia {unknown}
Potions
 f - 3 potions of haste
 h - 4 potions of lignification
 j - 2 potions of brilliance
 m - a potion of curing
 q - a potion of heal wounds {unknown}
 u - 2 potions of flight {unknown}
 z - a potion of degeneration {unknown}
 A - a potion of experience {unknown}
 E - a potion of might {unknown}
 F - a potion of magic {unknown}


   Skills:
 + Level 6.3 Fighting
 + Level 9.4 Polearms
 - Level 1.7 Throwing
 + Level 6.0 Armour
 + Level 4.8 Dodging
 - Level 4.2 Stealth


You had 9 spell levels left.
You didn't know any spells.
Your spell library contained the following spells:

 Spells                   Type           Power      Damage    Failure   Level
 Sublimation of Blood     Necr           0%         N/A       75%         2
 Wereblood                Tmut           0%         N/A       75%         2
 Inner Flame              Hex/Fire       0%         N/A       92%         3
 Cause Fear               Hex            0%         N/A       100%        4
 Summon Hydra             Summ           0%         N/A       100%        7
 Discord                  Hex            0%         N/A       100%        8


Dungeon Overview and Level Annotations

Branches:
Dungeon (9/15)             Temple (0/1) D:6            Lair (0/6) D:9
    Orc: D:9-12

Altars:
Cheibriados
Elyvilon
Hepliaklqana
Makhleb
Nemelex Xobeh
Qazlal
Sif Muna
Wu Jian
Xom
Yredelemnul
The Shining One
Jiyva

Shops:
D:7 *


Innate Abilities, Weirdness & Mutations

You are surrounded by a mild repulsion field. (EV +2)
You sometimes gain a little power by taking damage.
You are partially covered in sharp spines.
Your touch may inflict minor irresistible damage on your foes.
You have a pair of horns on your head.
Your system is resistant to poisons. (rPois)
You are resistant to electric shocks. (rElec)
Your muscles are very strong. (Str +4)
Your transparent skin significantly reduces your foes' accuracy. (Stealth+)
You expend magic power (3 MP) to strengthen your wands.


Message History

No target in view!
Found 25 stones.
No target in view!
No target in view!
No target in view!
A fire dragon comes into view.
Found a piece from Xom's chessboard (15/15).
No target in view!
No target in view!
The fire dragon roars deafeningly!
You hear a bellow! x2; You hear a shout!
A yak comes into view.
You hear a shout! x2
A yak and a wyvern come into view.
The yak bellows!
You hear a bellow!
A yak comes into view.
The yak moves out of view.
The fire dragon closely misses you. x2
The fire dragon tramples you but does no damage.
You barely miss the fire dragon. You headbutt the fire dragon!
You touch the fire dragon.
The fire dragon is lightly wounded.
The fire dragon bites you!
The fire dragon claws you but does no damage.
The fire dragon closely misses you.
The wyvern hisses angrily.
You hit the fire dragon.
The fire dragon is lightly wounded.
The fire dragon is struck by your spines.
The fire dragon completely misses you.
The fire dragon claws you but does no damage.
The fire dragon tramples you!
You stumble backwards!
A yak comes into view.
The fire dragon breathes flames at you. The blast of flame hits you!!
You shudder from the blast and a jelly pops out!
The yak is struck by your spines. The yak closely misses you.
The fire dragon breathes flames at you.
The blast of flame hits your acid blob!!
The blast of flame hits you!!!
You die...

...# ... ≈≈.≈ #..... ...#
#......# ≈.≈ #.....
...########......# ≈.≈ ##.....
.................# #(###......
.................# #.##.......
..#####..#####...######.#........
..#...#..# #.......##..........
..#...'..# #...................
..#...#..# #..@.JD........#####
..#...#..#####....Y.........#
..#...#...........l.≈≈≈≈....#
..#####............≈.≈≈≈≈...#
.........###+#....Y≈§.≈≈≈≈..#
.........# #....Y.§.>≈≈≈..#
.........# #...Y..§§§.≈...#
.........# #......§§§§§≈....
.........# #.......≈§≈≈ ....


You could see a fire dragon (catching breath, ally target), 4 yaks, a wyvern and
a friendly acid blob (summoned).

Vanquished Creatures
  Harold (D:8)
  A two-headed ogre (D:7)
  A troll (D:9)
  2 hornets
  A wyvern (D:5)
  Menkaure (D:4)
  2 water moccasins
  Duvessa (D:4)
  An orc warrior (D:8)
  3 sky beasts
  2 ogres
  2 phantoms
  2 kobold brigands
  A bullfrog (D:7)
  3 scorpions
  Dowan (D:4)
  A water moccasin skeleton (D:5)
  5 howler monkeys
  A centaur zombie (D:5)
  2 centaur skeletons (D:7)
  3 gnoll shamans
  A hound (D:6)
  2 orc priests
  Jessica (D:2)
  2 iguanas
  2 orc wizards
  A killer bee zombie (D:6)
  A howler monkey zombie (D:7)
  Robin (D:4)
  13 gnolls
  9 adders
  A shadow imp (D:7)
  3 white imps
  An ufetubus (D:7)
  2 adder skeletons (D:4)
  2 worms (D:2)
  2 dart slugs
  10 orcs
  10 ball pythons
  5 bats
  2 giant cockroaches
  13 goblins
  7 hobgoblins
  2 quokkas (D:1)
  3 frilled lizards
  16 kobolds
  5 rats
154 creatures vanquished.

Vanquished Creatures (others)
  A black bear (D:8)
  A kobold brigand (D:8)
  A lava snake (D:8)
  2 centaur zombies (D:8)
  An orc priest (D:8)
  4 jellies
  An orc wizard (D:8)
  An adder (D:5)
  A gnoll (D:7)
  A worm (D:5)
  6 orcs
  5 endoplasms
  A giant cockroach (D:2)
  A ball python (D:1)
  A goblin (D:1)
  5 kobolds
  2 rats
35 creatures vanquished.

Grand Total: 189 creatures vanquished

Notes
Turn   | Place    | Note
-------+----------+-------------------------------------------
     0 | D:1      | Exodus22XD the Demonspawn Gladiator began the quest for the
                  | Orb.
     0 | D:1      | Reached XP level 1. HP: 16/16 MP: 1/1
    69 | D:1      | Found a faded altar of an unknown god.
   103 | D:1      | Prayed at the altar of an unknown god.
   103 | D:1      | Became a worshipper of Jiyva Jifetuab the Shapeless
   103 | D:1      | Reached * piety under Jiyva
   276 | D:1      | Gained mutation: Your touch may inflict minor irresistible
                  | damage on your foes. [demonic ancestry]
   276 | D:1      | Reached XP level 2. HP: 22/22 MP: 2/2
   671 | D:2      | Noticed Jessica
   680 | D:2      | Killed Jessica
   681 | D:2      | Reached skill level 3 in Polearms
   681 | D:2      | Gained mutation: You are partially covered in sharp spines.
                  | [demonic ancestry]
   681 | D:2      | Reached XP level 3. HP: 5/27 MP: 3/3
   781 | D:2      | Reached ** piety under Jiyva
  1041 | D:2      | Reached XP level 4. HP: 34/34 MP: 4/4
  1321 | D:2      | Found a shimmering altar of Xom.
  1669 | D:3      | Noticed a phantom
  1676 | D:3      | Killed a phantom
  1677 | D:3      | Reached skill level 1 in Armour
  1677 | D:3      | Reached skill level 1 in Stealth
  1677 | D:3      | Reached XP level 5. HP: 39/39 MP: 5/5
  2095 | D:3      | Reached *** piety under Jiyva
  2231 | D:3      | Reached skill level 4 in Polearms
  2321 | D:3      | Gained mutation: Your translucent skin slightly reduces
                  | your foes' accuracy. (Stealth+) [Jiyva's grace]
  2321 | D:3      | Gained mutation: Your translucent skin reduces your foes'
                  | accuracy. (Stealth+) [Jiyva's grace]
  2321 | D:3      | Gained mutation: Your transparent skin significantly
                  | reduces your foes' accuracy. (Stealth+) [Jiyva's grace]
  2321 | D:3      | Gained mutation: Your system is resistant to poisons.
                  | (rPois) [Jiyva's grace]
  2493 | D:4      | Noticed Robin
  2495 | D:4      | Noticed Dowan
  2496 | D:4      | Noticed Duvessa
  2517 | D:4      | Killed Dowan
  2518 | D:4      | Gained mutation: You are surrounded by a mild repulsion
                  | field. (EV +2) [demonic ancestry]
  2518 | D:4      | Reached XP level 6. HP: 41/46 MP: 4/6
  2518 | D:4      | Killed Robin
  2520 | D:4      | Killed Duvessa
  2569 | D:4      | Reached skill level 5 in Polearms
  2581 | D:4      | Noticed Menkaure
  2597 | D:4      | Killed Menkaure
  2598 | D:4      | Reached XP level 7. HP: 44/52 MP: 4/7
  2917 | D:4      | Found a shimmering blue altar of Sif Muna.
  3205 | D:5      | Entered Level 5 of the Dungeon
  3259 | D:5      | Reached skill level 6 in Polearms
  3297 | D:5      | Noticed a wyvern
  3310 | D:5      | Killed a wyvern
  3319 | D:5      | Reached XP level 8. HP: 55/60 MP: 8/8
  3902 | D:6      | Found a snail-covered altar of Cheibriados.
  3909 | D:6      | Reached **** piety under Jiyva
  3982 | D:6      | Found an ornate altar of the Wu Jian Council.
  4139 | D:6      | Reached skill level 7 in Polearms
  4190 | D:6      | Found a staircase to the Ecumenical Temple.
  4231 | D:6      | Gained mutation: You have a pair of small horns on your
                  | head. [Jiyva's grace]
  4231 | D:6      | Gained mutation: You have a pair of horns on your head.
                  | [Jiyva's grace]
  4231 | D:6      | Gained mutation: You have a pair of large horns on your
                  | head. [Jiyva's grace]
  4231 | D:6      | Gained mutation: Your muscles are strong. (Str +2) [Jiyva's
                  | grace]
  4276 | D:6      | Noticed a hornet
  4287 | D:6      | Killed a hornet
  4358 | D:6      | Found a burning altar of Makhleb.
  4610 | D:7      | Found a hazy altar of Hepliaklqana.
  4680 | D:7      | Gained mutation: You sometimes gain a little power by
                  | taking damage. [demonic ancestry]
  4680 | D:7      | Reached XP level 9. HP: 67/67 MP: 9/9
  4760 | D:7      | Reached skill level 5 in Fighting
  4767 | D:7      | Reached skill level 8 in Polearms
  4780 | D:7      | Found Dexe's General Store.
  4868 | D:7      | Noticed a two-headed ogre
  4879 | D:7      | Reached ***** piety under Jiyva
  4891 | D:7      | Killed a two-headed ogre
  4892 | D:7      | Reached skill level 5 in Armour
  5058 | D:7      | Found a stormy altar of Qazlal.
  5415 | D:8      | Reached skill level 9 in Polearms
  5460 | D:8      | Found a sparkling altar of Nemelex Xobeh.
  5476 | D:8      | Noticed Harold
  5491 | D:8      | Killed Harold
  5492 | D:8      | Reached XP level 10. HP: 28/76 MP: 10/10
  5753 | D:8      | Found a basalt altar of Yredelemnul.
  6168 | D:9      | Lost mutation: You have a pair of large horns on your head.
                  | [Jiyva's grace]
  6168 | D:9      | Lost mutation: Your muscles are strong. (Str +2) [Jiyva's
                  | grace]
  6168 | D:9      | Gained mutation: You expend magic power (3 MP) to
                  | strengthen your wands. [Jiyva's grace]
  6168 | D:9      | Gained mutation: Your muscles are strong. (Str +2) [Jiyva's
                  | grace]
  6168 | D:9      | Gained mutation: Your muscles are very strong. (Str +4)
                  | [Jiyva's grace]
  6168 | D:9      | Gained mutation: You are resistant to electric shocks.
                  | (rElec) [Jiyva's grace]
  6243 | D:9      | Found a staircase to the Lair.
  6245 | D:9      | Noticed a fire dragon
  6255 | D:9      | Killed from afar by a fire dragon

Illustrated notes

Levels and vault maps discovered:
D:1:      minmay_arrival_jagged, layout_loops_ring,
          dreamdust_ecumenical_altar_statues
D:2:      layout_basic, basic_altar, patterned_corridor, uniq_jessica
D:3:      layout_basic
D:4:      layout_cave_pods, lemuel_blue_sif_altar, uniq_menkaure, uniq_robin,
          uniq_duvessa
D:5:      layout_loops_ring
D:6:      layout_loops_cross, mainiacjoe_overflow_swirl, old_standard_altar,
          minmay_temple_entry_butterflies
D:7:      layout_basic, mainiacjoe_overflow_small_starburst,
          kennysheep_little_box, serial_shops, shop
D:8:      layout_loops_corners, nicolae_elyvilon_peaceful_grove,
          lemuel_crystal_altar, nicolae_uskayaw_suspiria,
          mainiacjoe_overflow_tiny_flanked, lemuel_zombie_altar_yredelemnul,
          uniq_harold
D:9:      layout_irregular_city, trog_hazing_becter, minmay_lair_entry_lava,
          chequers_serial_rivers_room_b

Skill      XL: |  1  2  3  4  5  6  7  8  9 10 |
---------------+-------------------------------+-----
Dodging        | 3 4 |  4.8
Polearms       | 3 4 5 6 7 9 |  9.4
Armour         | 1 2 4 5 6 |  6.0
Stealth        | 1 2 3 4 |  4.2
Fighting       | 3 4 6 |  6.3
Throwing       | |  1.7

Action                   |  1- 3 |  4- 6 |  7- 9 | 10-12 || total
-------------------------+-------+-------+-------+-------++-------
Melee: Trident           |    72 |    80 |   274 |    18 ||   444
       Touch             |     5 |    12 |    35 |     3 ||    55
       Punch             |       |     1 |     3 |       ||     4
       Headbutt          |       |       |    21 |     3 ||    24
Invok: Oozemancy         |       |     3 |     3 |       ||     6
  Use: Scroll            |       |       |     8 |     2 ||    10
 Stab: Sleeping          |     2 |     2 |     5 |       ||     9
       Distracted        |       |       |     1 |       ||     1
Armor: Leather armour    |    18 |    12 |       |       ||    30
       Scale mail        |       |       |    37 |     4 ||    41
       Chain mail        |       |       |     9 |       ||     9
Dodge: Dodged            |    41 |    40 |   157 |    12 ||   250
